 Dungeon Crawl Stone Soup version 0.30-a0-989-g0d87f670db (webtiles) character file.

Game seed: 5377551035715695988

54 DeathPants the Slasher (level 3, -3/18 HPs)
             Began as a Vine Stalker Gladiator on Apr 2, 2023.
             Slain by a kobold
             ... wielding a +0 short sword of distortion
              (5 damage)
             ... on level 3 of the Dungeon.
             The game lasted 00:04:53 (1402 turns).

DeathPants the Slasher (Vine Stalker Gladiator)     Turns: 1402, Time: 00:04:53

Health: -3/18      AC:  5    Str: 22    XL:     3   Next: 91%
Magic:  0/4        EV: 12    Int: 10    God:
Gold:   81         SH:  0    Dex: 15    Spells: 2/2 levels left

rFire   . . .      SeeInvis .    a - +0 long sword
rCold   . . .      Faith    .    (no shield)
rNeg    . . .      Spirit   +    b - +0 leather armour
rPois   .          Reflect  .    c - +0 helmet
rElec   .          Rampage  .    i - +0 cloak
rCorr   .                        (no gloves)
Will    .....                    (no boots)
Stlth   +                        (no amulet)
HPRegen 0.23/turn                f - +6 ring of strength
MPRegen 0.09/turn                (no ring)

@: no status effects
A: fangs 2, magic shield, antimagic bite, no potion heal 2
a: no special abilities


You were on level 3 of the Dungeon.
You visited 1 branch of the dungeon, and saw 3 of its levels.

You collected 81 gold pieces.

Inventory:

Hand Weapons
 a - a +0 long sword (weapon)
Missiles
 d - 3 throwing nets (quivered)
 e - a javelin
Armour
 b - a +0 leather armour (worn)
 c - a +0 helmet (worn)
 i - a +0 cloak (worn)
Jewellery
 f - a +6 ring of strength (left hand)
Scrolls
 h - a scroll of fog
 k - a scroll of enchant weapon
Potions
 l - a potion of curing


   Skills:
 + Level 2.2 Fighting
 * Level 3.4 Long Blades
 - Level 1.7 Throwing
 + Level 0.9 Armour
 + Level 2.7 Dodging


You had 2 spell levels left.
You didn't know any spells.
Your spell library contained the following spells:

 Spells                   Type           Power      Damage    Failure   Level
 Beastly Appendage        Tmut           0%         N/A       41%         1
 Sandblast                Erth           0%         2d4       41%         1
 Passwall                 Tmut/Erth      0%         N/A       54%         2
 Wereblood                Tmut           0%         N/A       54%         2
 Spider Form              Tmut/Pois      0%         N/A       78%         3
 Stone Arrow              Conj/Erth      0%         3d7       78%         3


Dungeon Overview and Level Annotations

Branches:
Dungeon (3/15)

Altars:
Lugonu


Innate Abilities, Weirdness & Mutations

You have extremely sharp teeth.
When hurt, damage is shared between your health and your magic reserves.
Your bite disrupts and absorbs the magic of your enemies.
Potions cannot restore your health.


Message History

It is a scroll of identify.
g - a potion of ambrosia
As you read the scroll of identify, it crumbles to dust.
l - a potion of curing You drop a potion of ambrosia.
As you read the scroll of identify, it crumbles to dust.
k - a scroll of enchant weapon The air fills with toxic fumes!
As you read the scroll labelled KODWO GIMUEC, it crumbles to dust.
It was a scroll of poison.
You start waiting.
Done waiting.
As you read the scroll labelled YJAMNAISAM, it crumbles to dust.
It is a scroll of amnesia.
You feel forgetful for a moment.
The kobold shouts!
You hear a shout! x2
Found a corrupted altar of Lugonu.
The kobold shouts!
The kobold shouts!
You now have 81 gold pieces (gained 15).
Found a dented bone amulet.
Found a book of Changes.
g - an amulet of faith You drop an amulet of faith.
You pick up a book of Changes and begin reading...
You add the spells Beastly Appendage, Wereblood and Spider Form to your library.
You see here an amulet of faith.
As you open the large door, it creaks loudly!
The kobold attacks as you move away! The kobold hits you but does no damage.
You see here an amulet of faith.
The kobold attacks as you move away!
The kobold hits you with a +0 short sword of distortion.
Space warps horribly around you!
Ouch! That really hurt!
* * * LOW HITPOINT WARNING * * *
The kobold attacks as you move away!
The kobold hits you with a +0 short sword of distortion.
* * * LOW HITPOINT WARNING * * *
Space warps around you.
You die...

#<.......
##§§#.###.....# .§§§§..
###.# §§§§.. .... #..#
####..# #
#.##KK########.#..#
#..###....K#.KKK@......#
...........#K######.#.##
##.###....K..#
#...!.#.##### #.##..#.#
##.##..#.# .......#.#
.........#
##.##.#..######


You could see 4 kobolds.

Vanquished Creatures
  2 adders (D:2)
  A dart slug (D:1)
  5 endoplasms (D:1)
  3 giant cockroaches
  A goblin (D:1)
  2 quokkas
  4 ball pythons
  3 bats
  5 frilled lizards
  5 kobolds
  6 rats
37 creatures vanquished.

Notes
Turn   | Place    | Note
-------+----------+-------------------------------------------
     0 | D:1      | DeathPants the Vine Stalker Gladiator began the quest for
                  | the Orb.
     0 | D:1      | Reached XP level 1. HP: 11/11 MP: 2/2
   129 | D:1      | Reached XP level 2. HP: 15/15 MP: 3/3
   178 | D:1      | Reached skill level 3 in Long Blades
   747 | D:2      | Reached XP level 3. HP: 18/18 MP: 4/4
  1069 | D:2      | Found a faded altar of an unknown god.
  1254 | D:3      | Found a large runed translucent door.
  1255 | D:3      | Found a large runed translucent door.
  1367 | D:3      | Found a corrupted altar of Lugonu.
  1402 | D:3      | Slain by a kobold

Illustrated notes

Levels and vault maps discovered:
D:1:      tarquinn_simple_flora_water_f, layout_basic
D:2:      layout_loops_ring, shapermc_ecumenical_altar_notcrosses,
          minmay_misc_feat_diagonals, minmay_pentomino_r2
D:3:      due_chaos_kobolds, layout_loops_ring, vehumet_crystals,
          mainiacjoe_overflow_24_doors

Skill      XL: |  1  2 |
---------------+-------+-----
Fighting       | 2 |  2.2
Long Blades    | 3 |  3.4
Throwing       | |  1.7
Armour         | |  0.9
Dodging        | |  2.7

Action                     || total
---------------------------++-------
  Melee: Long sword        ||    69
         Bite              ||    16
         Punch             ||     1
    Use: Scroll            ||     6
   Stab: Sleeping          ||     2
 Armour: Leather armour    ||    29
  Dodge: Dodged            ||    41

Table legend: (Time is in decaauts)
 A = Elapsed time spent in this place.
 B = Non-inter-level travel time spent in this place.
 C = Inter-level travel time spent in this place.
 D = Time resting spent in this place.
 E = Time spent auto-exploring this place.
 F = Levels seen in this place.
 G = Mean time per level.
                   A        B        C        D        E       F      G
               +--------+--------+--------+--------+--------+-----+--------+
         Total |   1422 |   1393 |     29 |    100 |    849 |   3 |  474.0 |
       Dungeon |   1422 |   1393 |     29 |    100 |    849 |   3 |  474.0 |
               +--------+--------+--------+--------+--------+-----+--------+

Top non-repeatable levels by time:
     D:1: 640 daAuts
     D:2: 611 daAuts
     D:3: 169 daAuts
